 Dungeon Crawl Stone Soup version 0.31-a0-455-g1a7b003ef0 (webtiles) character file.

Game seed: 7564240767232123195

473 kae the Changeling (level 6, -3/45 (47) HPs)
             Began as a Draconian Shapeshifter on Aug 3, 2023.
             Slain by a wight
             ... wielding a +1 great sword of flaming
              (8 damage)
             ... on level 5 of the Dungeon.
             The game lasted 00:02:41 (3855 turns).

kae the Changeling (Draconian Shapeshifter)         Turns: 3855, Time: 00:02:42

HP:   -3/45 (47)    AC:  6    Str: 16 (17) XL:     6   Next: 83%
MP:   6/6           EV: 12    Int:  7 (9)  God:
Gold: 147           SH:  0    Dex: 16 (19) Spells: 5/5 levels left

rFire   . .          .
                       - Unarmed
rCold   . . .        (no shield)
rNeg    + . .        (body armour unavailable)
rPois   .            (helmet currently unavailable)
rElec   .            (cloak currently unavailable)
rCorr   .            (gloves currently unavailable)
SInv    .            (boots currently unavailable)
Will    +....        (no amulet)
Stlth   +            N - ring of positive energy
HPRegen 0.27/turn    D - +6 ring of dexterity
MPRegen 0.10/turn

%: no passive effects
@: beast-form, enlightened, flying, lightly drained
A: beast (slay +4), AC +6, unfitting armour, cold-blooded
a: Begin Untransformation


You were on level 5 of the Dungeon.
You were a hulking beast.
You visited 1 branch of the dungeon, and saw 5 of its levels.

You collected 147 gold pieces.


Innate Abilities, Weirdness & Mutations

You are a hulking beast.
Your limbs bulge with bestial killing power. (Slay +4)
Your plain brown scales are hard. (AC +6)
You cannot fit into any form of body armour.
You are cold-blooded and may be slowed by cold attacks.


   Skills:
 - Level 1.1 Fighting
 - Level 1.7 Dodging
 - Level 3.0 Unarmed Combat
 + Level 6.7 Shapeshifting


You had 5 spell levels left.
You didn't know any spells.
Your spell library contained the following spells:

 Spells                   Type           Power      Damage    Failure   Level
 Sting                    Tmut/Pois      0%         1d3       43%         1
 Cigotuvi's Dreadful Rot  Necr/Pois/Air  0%         N/A       56%         2
 Poisonous Vapours        Pois/Air       0%         N/A       56%         2
 Gell's Gravitas          Tloc           0%         N/A       80%         3
 Ignite Poison            Fire/Tmut/Pois 0%         N/A       80%         3
 Inner Flame              Hex/Fire       0%         N/A       80%         3
 Teleport Other           Tloc           0%         N/A       80%         3
 Flame Wave               Conj/Fire      0%         2d4       99%         4
 Olgreb's Toxic Radiance  Pois           0%         N/A       99%         4
 Sticky Flame             Conj/Fire      0%         2d3       99%         4
 Freezing Cloud           Conj/Ice/Air   0%         6-21      100%        5
 Dispersal                Tloc           0%         N/A       100%        6

Inventory:

Missiles
 c - 39 stones
 e - 3 boomerangs
 n - 3 poisoned darts
Magical Staves
 p - a staff of fire {!a}
   (You found it on level 2 of the Dungeon)
 s - a staff of poison {!a}
   (You found it on level 3 of the Dungeon)
Jewellery
 D - a +6 ring of dexterity (right hand)
   (You found it on level 4 of the Dungeon)
 N - a ring of positive energy (left hand)
   (You found it on level 1 of the Dungeon)
 T - an amulet of faith {!P}
   (You found it on level 3 of the Dungeon)
 W - a ring of magical power
   (You found it on level 3 of the Dungeon)
Talismans
 b - a beast talisman (active)
Scrolls
 f - 2 scrolls of vulnerability {unknown}
 g - a scroll of fog {unknown}
 h - 6 scrolls of identify {unknown}
 j - a scroll of poison {unknown}
 k - a scroll of fear {unknown}
 o - 2 scrolls of revelation {unknown}
 q - 3 scrolls of teleportation {unknown}
 t - a scroll of enchant armour {unknown}
 u - a scroll of brand weapon {unknown}
Potions
 a - a potion of lignification {!q}
 l - a potion of heal wounds {unknown}
 m - a potion of ambrosia {unknown}
 r - a potion of might {unknown}

Dungeon Overview and Level Annotations

Branches:
Dungeon (5/15) Zot: 26154
 Temple: D:4-7

Altars:
Okawaru
Qazlal
Zin

...~~....~..# ...
..~..~~..~..# ..#
..~....~~...## ..#
...~~⌠.......##..#
....⌠~~.......#zz#
.~~....~....#z...#
~..~~..~....#z#..#
~....~~.....#z#..#
.~~.........#h#..#
..~~........#....#
##~~~~~~###...##.#
##~~~~####...# .#
######<..)..# .#
#.....#####
#.##### .. ##


You could see 3 wights.


Message History

😨 HP[-13]
You take 13 damage, and now have 15/47 hp.
MASSIVE DAMAGE!! (PAUSE)
You hit the ice beast.
The ice beast hits you but does no damage.
The ice beast hits you.
* * * LOW HITPOINT WARNING * * *
The ice beast freezes you.
You feel as though you will be slow longer.
* * * LOW HITPOINT WARNING * * *
😱 HP[-6]
You take 6 damage, and now have 9/47 hp.
Unknown command.
You barely miss the ice beast.
Your tail-slap misses the ice beast.
The ice beast hits you but does no damage.
You hit the ice beast. The ice beast hits you.
* * * LOW HITPOINT WARNING * * *
The ice beast freezes you.
* * * LOW HITPOINT WARNING * * *
The ice beast barely misses you. 😱 HP[-7]
You take 7 damage, and now have 2/47 hp.
You hit the ice beast. You tail-slap the ice beast.
You feel yourself speed up.
The ice beast hits you but does no damage. 😱 HP[+1]
You closely miss the ice beast.
You tail-slap the ice beast, but do no damage.
The ice beast hits you but does no damage.
Unknown command.
You closely miss the ice beast. The ice beast barely misses you.
You hit the ice beast.
Your tail-slap misses the ice beast.
The ice beast closely misses you.
Unknown command.
You hit the ice beast.
The ice beast barely misses you. 😱 HP[+1] Unknown command.
You hit the ice beast.
You kill the ice beast!
You start resting. 😕 HP[+35]
You regained 35 hp, and now have 39/47 hp.
You start resting. 😎 HP[+8]
Your hp is fully restored (47).
You climb downwards.
There is a stone staircase leading up here.
The gnoll barely misses you.
The gnoll hits you with a +0 spear. 😕 HP[-2]
You take 2 damage, and now have 45/47 hp.
You punch the gnoll! You tail-slap the gnoll.
You kill the gnoll!
No target in view!
No target in view!
You see here a +0 spear.
No target in view!
No target in view! 😕 HP[+1] Unknown command.
h - 6 scrolls labelled NAOCSUWITI (gained 1)
A wight comes into view.
It is wielding a +1 great sword of flaming. 😎 HP[+1]
Your hp is fully restored (47).
Unknown command.
A wight is nearby! 2 wights come into view.
The wight hits you with a +1 great sword of flaming!
The wight burns you.
You are too injured to fight recklessly! 😮 HP[-15]
You take 15 damage, and now have 32/47 hp.
MASSIVE DAMAGE!! (PAUSE)
The wight attacks as you move away!
The wight hits you with a +1 great sword of flaming.
The wight burns you. 😮 HP[-5]
You take 5 damage, and now have 27/47 hp.
The wight attacks as you move away!
The wight hits you with a +1 great sword of flaming!!
* * * LOW HITPOINT WARNING * * *
You partially resist.
You feel drained.
* * * LOW HITPOINT WARNING * * *
The wight burns you.
* * * LOW HITPOINT WARNING * * *
😱 HP[-23]
You now have 45 max hp (-2).
You take 23 damage, and now have 4/45 hp.
MASSIVE DAMAGE!! (PAUSE) It was a potion of degeneration.
There was something very wrong with that liquid.
You feel weakened.
You feel dopey.
You feel clumsy.
The wight barely misses you. 😱 HP[+1] It was a potion of enlightenment.
You feel very buoyant.
You fly up into the air.
The wight barely misses you.
The wight hits you with a +1 great sword of flaming!
You die...

Skill      XL: |  1  2  3  4  5 |
---------------+----------------+-----
Shapeshifting  | 4 5 6 |  6.7
Fighting       | |  1.1
Dodging        | |  1.7
Unarmed Combat | |  3.0

Action                     |  1- 3 |  4- 6 || total
---------------------------+-------+-------++-------
  Melee: Unarmed           |    80 |   140 ||   220
         Tailslap          |    10 |    20 ||    30
         Punch             |     1 |     2 ||     3
    Use: Potion            |       |     4 ||     4
   Stab: Distracted        |       |     1 ||     1
         Sleeping          |       |     1 ||     1
 Armour: Skin              |    25 |   125 ||   150
  Dodge: Dodged            |    37 |    52 ||    89

Levels and vault maps discovered:
D:1:      dpeg_arrival_concentric_ovals, layout_basic,
          minmay_misc_feat_four_crosses, minmay_3d_cube
D:2:      layout_loops_corners, serial_aquarium, aquarium_bridge_straight
          [aquarium_subvault_bridge, aquarium_subvault_balcony,
          aquarium_subvault_bridge, aquarium_subvault_wall], aquarium_window_2,
          aquarium_window_1, aquarium_window_fake, aquarium_view_2a,
          aquarium_view_2c, aquarium_pool_double, basic_altar
D:3:      layout_basic, kennysheep_okawaru_gauntlet, st_stairs_8,
          chequers_garden, serial_bayou_pond_e
D:4:      layout_basic, nicolae_qazlal_beasts_of_the_sky, hangedman_decor_push,
          columned_hall_lemuel
D:5:      cheibrodos_helix_gallery, layout_basic,
          nicolae_dithmenos_through_a_glass_darkly, mainiacjoe_overflow_alcove_2

Notes
Turn   | Place    | Note
-------+----------+-------------------------------------------
     0 | D:1      | kae the Draconian Shapeshifter began the quest for the Orb.
     0 | D:1      | Reached XP level 1. HP: 16/16 MP: 1/1
     0 | D:1      | magus.rc [v1.11.3]
   241 | D:1      | Reached XP level 2. HP: 20/23 MP: 2/2
   987 | D:2      | You pick up a book of Flames and begin reading...
   987 | D:2      | You add the spells Inner Flame, Sticky Flame and Flame Wave
                  | to your library.
  1016 | D:2      | Reached XP level 3. HP: 25/28 MP: 3/3
  1154 | D:2      | Reached skill level 4 in Shapeshifting
  1249 | D:2      | Found a glowing silver altar of Zin.
  1284 | D:2      | Reached XP level 4. HP: 27/35 MP: 4/4
  1984 | D:3      | You add the spells Gell's Gravitas, Teleport Other and
                  | Dispersal to your library.
  2001 | D:3      | Found an iron altar of Okawaru.
  2589 | D:4      | Found a stormy altar of Qazlal.
  2589 | D:4      | Noticed a sky beast
  2599 | D:4      | Killed a sky beast
  2600 | D:4      | Reached skill level 5 in Shapeshifting
  2600 | D:4      | Reached XP level 5. HP: 24/40 MP: 5/5
  2881 | D:4      | Identified the +2 pair of gloves of Doat {Rampage Int+4}
  2971 | D:4      | HP: 14/60 [orc/+0 war axe (3)]
  2972 | D:4      | HP: 6/60 [orc/+0 hand axe (1)]
  2976 | D:4      | Reached skill level 6 in Shapeshifting
  2976 | D:4      | Reached XP level 6. HP: 7/47 MP: 6/6
  2978 | D:4      | HP: 5/70 [orc/+0 war axe (3)]
  2983 | D:4      | HP: 14/70 [orc/+0 hand axe (1)]
  2986 | D:4      | HP: 6/70 [something (1)]
  3124 | D:4      | You add the spells Cigotuvi's Dreadful Rot, Ignite Poison
                  | and Freezing Cloud to your library.
  3182 | D:4      | You add the spells Sting, Poisonous Vapours and Olgreb's
                  | Toxic Radiance to your library.
  3635 | D:5      | Entered Level 5 of the Dungeon
  3641 | D:5      | Noticed an ice beast
  3659 | D:4      | HP: 9/47 [ice beast (6)]
  3661 | D:4      | HP: 2/47 [ice beast (6)]
  3667 | D:4      | Killed an ice beast
  3853 | D:5      | HP: 9/47 [wight/+1 great sword of flaming (18)]
  3853 | D:5      | HP: 4/45 [wight/+1 great sword of flaming (2)]
  3855 | D:5      | Slain by a wight

Vanquished Creatures
  An ice beast (D:4)
  A sky beast (D:4)
  A hound (D:4)
  An orc priest (D:4)
  4 orc wizards (D:4)
  A gnoll (D:5)
  5 adders
  A white imp (D:4)
  A dart slug (D:4)
  3 worms
  13 orcs
  8 endoplasms
  3 giant cockroaches
  3 hobgoblins
  5 jackals
  5 kobolds
  A quokka (D:3)
  5 ball pythons
  3 bats
  2 frilled lizards (D:2)
  3 goblins
70 creatures vanquished.

Table legend:
 A = Non-vault XP
 B = Vault XP
 C = Vault XP percentage of total XP
 D = Non-vault monster count
 E = Vault monster count
 F = Vault count percentage of total count
                 A         B        C        D         E       F
            +---------+---------+-------+---------+---------+-------
      Total |     394 |     282 |  41.7 |      61 |       9 |  12.9
            +---------+---------+-------+---------+---------+-------
        D:1 |      15 |       8 |  34.8 |       9 |       5 |  35.7
        D:2 |      82 |       0 |   0.0 |      20 |       0 |   0.0
        D:3 |      33 |       3 |   8.3 |       9 |       1 |  10.0
        D:4 |     264 |     256 |  49.2 |      23 |       2 |   8.0
        D:5 |       0 |      15 | 100.0 |       0 |       1 | 100.0
            +---------+---------+-------+---------+---------+-------

Skill      XL: |  1  2  3  4  5 |
---------------+----------------+-----
Shapeshifting  | 4 5 6 |  6.7
Fighting       | |  1.1
Dodging        | |  1.7
Unarmed Combat | |  3.0

Action                     |  1- 3 |  4- 6 || total
---------------------------+-------+-------++-------
  Melee: Unarmed           |    80 |   140 ||   220
         Tailslap          |    10 |    20 ||    30
         Punch             |     1 |     2 ||     3
    Use: Potion            |       |     4 ||     4
   Stab: Distracted        |       |     1 ||     1
         Sleeping          |       |     1 ||     1
 Armour: Skin              |    25 |   125 ||   150
  Dodge: Dodged            |    37 |    52 ||    89

Illustrated notes

Table legend:
 A = Kills in this place as a percentage of kills in the entire game.
 B = Kills by you in this place as a percentage of kills by you in the entire game.
 C = Kills by friends in this place as a percentage of kills by friends in the entire game.
 D = Other kills in this place as a percentage of other kills in the entire game.
 E = Experience gained in this place as a percentage of experience gained in the entire game.
 F = Experience gained in this place divided by the number of levels of this place that you have seen.
                   A       B       C       D       E      F
               +-------+-------+-------+-------+-------+----------------------
         Total | 100.0 | 100.0 |   N/A |   N/A | 100.0 | 135.2
       Dungeon | 100.0 | 100.0 |   N/A |   N/A | 100.0 | 135.2
               +-------+-------+-------+-------+-------+----------------------

Table legend: (Time is in decaauts)
 A = Elapsed time spent in this place.
 B = Non-inter-level travel time spent in this place.
 C = Inter-level travel time spent in this place.
 D = Time resting spent in this place.
 E = Time spent auto-exploring this place.
 F = Levels seen in this place.
 G = Mean time per level.
                   A        B        C        D        E       F      G
               +--------+--------+--------+--------+--------+-----+--------+
         Total |   3844 |   3713 |    131 |    181 |   3024 |   5 |  768.8 |
       Dungeon |   3844 |   3713 |    131 |    181 |   3024 |   5 |  768.8 |
               +--------+--------+--------+--------+--------+-----+--------+

Top non-repeatable levels by time:
     D:4: 1271 daAuts
     D:2: 1055 daAuts
     D:1: 777 daAuts
     D:3: 691 daAuts
     D:5: 48 daAuts
